 Dungeon Crawl Stone Soup version 0.27-a0-1332-g84bddb5ca7 (webtiles) character file.

Game seed: 7215073483535425489

44 spiderkeys the Skirmisher (level 3, 0/26 HPs)
             Began as an Octopode Abyssal Knight on June 26, 2021.
             Was a Believer of Lugonu.
             Succumbed to a goblin's poison
             ... on level 1 of the Dungeon.
             The game lasted 00:01:52 (1701 turns).

spiderkeys the Skirmisher (Octopode Abyssal Knight) Turns: 1701, Time: 00:01:52

Health: 0/26       AC:  1    Str: 12    XL:     3   Next: 60%
Magic:  3/4        EV: 13    Int: 14    God:    Lugonu [**....]
Gold:   94         SH:  0    Dex: 11    Spells: 2/2 levels left

rFire    . . .     SeeInvis .   b - +1 spear (venom)
rCold    . . .     Faith    .   (no shield)
rNeg     . . .     Spirit   .   (helmet restricted)
rPois    .         Reflect  .   (no amulet)
rElec    .         Harm     .   (no ring)
rCorr    .         Rampage  .   (no ring)
Will     .....                  (no ring)
Stlth    ++........             (no ring)
HPRegen  0.08/turn              (no ring)
MPRegen  0.09/turn              (no ring)
                                (no ring)
                                (no ring)

@: lethally poisoned (0 -> -3)
A: almost no armour, amphibious, 8 rings, camouflage 1, gelatinous body 1,
(nimble swimmer 1), tentacles
a: Renounce Religion, Depart the Abyss, Bend Space


You were on level 1 of the Dungeon.
You worshipped Lugonu.
Lugonu was pleased with you.
You visited 1 branch of the dungeon, and saw 2 of its levels.
You visited the Abyss 1 time.

You collected 94 gold pieces.


Innate Abilities, Weirdness & Mutations

You cannot wear most types of armour.
You are amphibious.
You can wear up to eight rings at the same time.
Your skin changes colour to match your surroundings (Stealth+).
Your rubbery body absorbs attacks. (AC +1, EV +1)
((You are camouflaged near water. (Stealth+)))
You have tentacles for arms and can constrict up to eight enemies at once.


   Skills:
 + Level 3.4 Fighting
 + Level 2.5 Polearms
 + Level 2.8 Dodging
 + Level 2.6 Invocations


You had 2 spell levels left.
You didn't know any spells.
Your spell library was empty.

Inventory:

Hand Weapons
 a - a +2 spear
 b - a +1 spear of venom (weapon)
   (You found it on level 2 of the Abyss)
Missiles
 d - 30 stones
 f - 15 arrows
Scrolls
 e - a scroll of magic mapping {unknown}
 g - a scroll of teleportation {unknown}
Potions
 c - a potion of flight

Dungeon Overview and Level Annotations

Branches:
Dungeon (2/15)

Altars:

Annotations:
D:2 Robin

.....# .....#
.....##
..#...############
..........g)g....#
###...##########g#
#..## #.# ###..# #.#
.....# #@# ####'##
###.####### ##...##
#.........#
##.....##
#.###.###.#
#.......## ##.###.#
#.#
.........####...##.#
#.#
.........+.........#
#.#
.........##.....####
#.#
#.....PP....##.##
#.#


You could see a hobgoblin.


Message History

Key pressed, stopping explore.
There is an open door here.
Done exploring. 😎 HP[+3]
Your hp is fully restored (26).
Done exploring.
There is a stone staircase leading down here.
You climb downwards.
A worm and a goblin come into view.
Found a stone staircase leading down.
There is a stone staircase leading up here.
There are monsters nearby!
Found a stone staircase leading down.
You reach to attack!
The helpless worm fails to defend itself.
You puncture the worm!
The worm looks as sick as possible!
You puncture the worm!
The worm looks as sick as possible!
You grab the worm. You constrict the worm.
Unknown command.
You hit the worm.
You kill the worm!
Lugonu accepts your kill.
No target in view!
A goblin comes into view. It is wielding a +0 dagger.
A goblin is nearby!
A goblin comes into view. It is wielding a +1 dagger of venom.
The goblin shouts! x2; You hear a shout! x3
A hobgoblin and Robin come into view.
Robin is wielding a +1 vorpal spear.
You hear a shout! x3
A goblin comes into view. It is wielding a +0 club.
Robin throws the goblin at you!
A goblin comes into view. It is wielding a +0 club.
You hear a shout! x2 😕 HP[-2]
You take 2 damage, and now have 24/26 hp.
You catch the helpless goblin completely off-guard!
You hit the goblin.
The goblin is poisoned.
You grab the goblin. You constrict the goblin.
Robin roars a battlecry!
The goblins go into a battle-frenzy!
The goblin misses you.
You release your grip on the goblin.
You kill the goblin!
Lugonu accepts your kill.
A hobgoblin comes into view.
There is a stone staircase leading up here.
The goblin hits you with a +0 dagger.
You climb upwards.
There is a stone staircase leading down here. 😮 HP[-5]
You take 5 damage, and now have 19/26 hp.
You barely miss the goblin. Your grab misses the goblin. You hit the goblin.
Your grab misses the goblin. The goblin barely misses you.
You hit the goblin.
You kill the goblin!
Lugonu accepts your kill.
You see here a +0 dagger.
You start resting. 😎 HP[+7]
Your hp is fully restored (26).
There is a stone staircase leading down here.
You climb downwards.
Level annotation: Robin The goblin hits you with a +1 dagger of venom.
You are poisoned.
The goblin hits you with a +0 club.
There is a stone staircase leading up here. 😮 HP[-8]
You take 8 damage, and now have 18/26 hp.
MASSIVE DAMAGE!! (PAUSE)
You feel very sick. The hobgoblin hits you.
* * * LOW HITPOINT WARNING * * *
The goblin hits you with a +1 dagger of venom.
* * * LOW HITPOINT WARNING * * *
You climb upwards.
* * * LOW HITPOINT WARNING * * *
You feel sick.
There is a stone staircase leading down here. 😱 HP[-12]
You take 12 damage, and now have 6/26 hp.
MASSIVE DAMAGE!! (PAUSE) Space bends around you!
You blink.
* * * LOW HITPOINT WARNING * * *
You feel sick. 😱 HP[-3] MP[-1]
You take 3 damage, and now have 3/26 hp.
You lost 1 mp, and now have 3/4 mp.
Okay, then.
* * * LOW HITPOINT WARNING * * *
You feel sick. 😱 HP[-1]
You take 1 damage, and now have 2/26 hp.
* * * LOW HITPOINT WARNING * * *
You feel sick. 😱 HP[-1]
You take 1 damage, and now have 1/26 hp.
You die...

Action                   || total
-------------------------++-------
Melee: Spear             ||    73
       Constrict         ||    14
       Tentacles         ||     9
Invok: Bend Space        ||     1
  Use: Scroll            ||     3
 Stab: Sleeping          ||     8
       Distracted        ||     1
Armor: Skin              ||     4
Dodge: Dodged            ||    38

Levels and vault maps discovered:
D:1:      psy_arrival_dodecagon, layout_loops_corners, serial_forest,
          infiniplex_forest_straight_2, infiniplex_forest_lined_room_,
          infiniplex_forest_straight_5, infiniplex_forest_clump_curved,
          infiniplex_forest_lined_room_2, infiniplex_forest_lined_3
D:2:      layout_rooms, basic_altar, uniq_robin

Notes
Turn   | Place    | Note
-------+----------+-------------------------------------------
     0 | Abyss:1  | spiderkeys the Octopode Abyssal Knight began the quest for
                  | the Orb.
     0 | Abyss:1  | Reached XP level 1. HP: 16/16 MP: 2/2
     0 | Abyss:1  | magus.rc [v1.9.10]
   105 | Abyss:2  | Noticed a golden eye
   121 | Abyss:2  | Noticed an apocalypse crab
   125 | D:1      | You pass through the gate.
   125 | D:1      | Escaped the Abyss
   257 | D:1      | HP: 4/16 [jackal (2)]
   259 | D:1      | Reached XP level 2. HP: 6/21 MP: 3/3
   880 | D:1      | Reached XP level 3. HP: 26/26 MP: 4/4
   882 | D:1      | Reached ** piety under Lugonu
  1600 | D:2      | Noticed Robin
  1697 | D:1      | HP: 6/26 [poisoned by a goblin]
  1699 | D:1      | HP: 2/26 [poisoned by a goblin]
  1701 | D:1      | Succumbed to a goblin's poison

Vanquished Creatures
  A worm (D:2)
  2 bats (D:1)
  4 endoplasms (D:1)
  4 giant cockroaches (D:1)
  A hobgoblin (D:1)
  12 jackals (D:1)
  A quokka (D:1)
  A frilled lizard (D:1)
  4 goblins
  2 kobolds (D:1)
32 creatures vanquished.

Table legend:
 A = Non-vault XP
 B = Vault XP
 C = Vault XP percentage of total XP
 D = Non-vault monster count
 E = Vault monster count
 F = Vault count percentage of total count
                 A         B        C        D         E       F
            +---------+---------+-------+---------+---------+-------
      Total |      60 |       3 |   4.8 |      30 |       2 |   6.2
            +---------+---------+-------+---------+---------+-------
        D:1 |      55 |       1 |   1.8 |      29 |       1 |   3.3
        D:2 |       5 |       2 |  28.6 |       1 |       1 |  50.0
            +---------+---------+-------+---------+---------+-------

Illustrated notes

Table legend:
 A = Kills in this place as a percentage of kills in entire the game.
 B = Kills by you in this place as a percentage of kills by you in the entire game.
 C = Kills by friends in this place as a percentage of kills by friends in the entire game.
 D = Other kills in this place as a percentage of other kills in the entire game.
 E = Experience gained in this place as a percentage of experience gained in the entire game.
 F = Experience gained in this place divided by the number of levels of this place that you have seen.
                   A       B       C       D       E      F
               +-------+-------+-------+-------+-------+----------------------
         Total | 100.0 | 100.0 |   N/A |   N/A | 100.0 |  15.8
       Dungeon | 100.0 | 100.0 |   N/A |   N/A | 100.0 |  31.5
               +-------+-------+-------+-------+-------+----------------------

Table legend: (Time is in decaauts)
 A = Elapsed time spent in this place.
 B = Non-inter-level travel time spent in this place.
 C = Inter-level travel time spent in this place.
 D = Time resting spent in this place.
 E = Time spent auto-exploring this place.
 F = Levels seen in this place.
 G = Mean time per level.
                   A        B        C        D        E       F      G
               +--------+--------+--------+--------+--------+-----+--------+
         Total |   1699 |   1679 |     20 |     83 |   1325 |   4 |  424.8 |
       Dungeon |   1574 |   1554 |     20 |     83 |   1290 |   2 |  787.0 |
         Abyss |    124 |    124 |      0 |      0 |     35 |   2 |   62.0 |
               +--------+--------+--------+--------+--------+-----+--------+

Top non-repeatable levels by time:
     D:1: 1557 daAuts
 Abyss:2: 68 daAuts
 Abyss:1: 56 daAuts
     D:2: 17 daAuts
